 Zot Defence DCSS version 0.14.2 (webtiles) character file.

358 MadFisi the Fey Human (level 6, 0/43 (47) HPs)
             Began as a Human Death Knight on May 11, 2020.
             Was a Believer of Yredelemnul.
             Slain by an orc wizard
             ... wielding a +2,+1 whip
              (5 damage)
             ... in the Realm of Zot (Scenario I: Hall of Zot).
             The game lasted 00:05:00 (734 turns).

MadFisi the Fey Human (Human Death Knight)           Turns: 734, Time: 00:05:01

HP   0/43 (47)   AC  3     Str 14      XL: 6   Next: 97%
MP  12/12        EV 11     Int 12      God: Yredelemnul [**....]
Gold 0           SH  0     Dex 13      Spells:  0 memorised,  5 levels left

rFire  . . .     SeeInvis .     a - +1 short sword
rCold  . . .     Clarity  .     b - +0 leather armour
rNeg   . . .     Conserve .     (no shield)
rPois  .         rCorr    .     (no helmet)
rElec  .         rRot     .     (no cloak)
SustAb . .       Spirit   .     (no gloves)
rMut   .         Warding  .     (no boots)
Saprov . . .     Stasis   .     (no amulet)
MR     .....                    (no ring)
                                (no ring)

@: not resistant to hostile enchantments, very unstealthy
A: no striking features
a: Make dart trap, Make oklob sapling, Make arrow trap, Make plant, Remove
Curse, Make burning bush, Make altar, Make grenades, Animate Remains, Recall
Undead Slaves, Injury Mirror, Renounce Religion


You were in the Realm of Zot.
You worshipped Yredelemnul.
Yredelemnul was pleased with you.
You were not hungry.

You visited 1 branch

Inventory:

Hand weapons
 a - a +1,+1 short sword (weapon)
Armour
 b - a +0 leather armour (worn)
Comestibles
 d - a bread ration
Scrolls
 i - a scroll of blinking
Potions
 c - 3 potions of curing
 e - a potion of heal wounds
 f - a potion of haste
 g - 2 potions of magic
 h - a potion of berserk rage


   Skills:
 + Level 3.2 Fighting
 + Level 4.1 Short Blades
 + Level 1.6 Armour
 + Level 1.5 Dodging
 + Level 5.5 Invocations


You had 5 spell levels left.
You didn't know any spells.

Dungeon Overview and Level Annotations

Branches:
    Zot (1/1)

Altars:

Annotations:
Zot Purgy


Message History

The orc wizard blinks!
The orc warrior throws a stone.
The stone hits you!
You see here 2 stones.
The orc wizard casts a spell.
The orc wizard blinks!
The orc wizard casts a spell.
The orc wizard blinks!
You hit Purgy.
Purgy is lightly wounded.
Your flesh rots away as the Orb of Zot is desecrated.
* * * LOW HITPOINT WARNING * * *
Your flesh rots away as the Orb of Zot is desecrated.
* * * LOW HITPOINT WARNING * * *
Your flesh rots away as the Orb of Zot is desecrated.
* * * LOW HITPOINT WARNING * * *
Your flesh rots away as the Orb of Zot is desecrated.
* * * LOW HITPOINT WARNING * * *
The orc wizard hits you with a whip.
You die...
Your body rises from the dead as a mindless zombie.

▓▓▓▓▓▓▓▓▓▓▓▓▓▓▓▓ ............▓▓▓▓
...............▓▓▓ ▓▓
...........§.....▓▓ ▓▓.
..................▓ ▓▓▓▓▓▓▓▓▓ ▓..
..................▓▓▓.......▓▓▓..
..............§...▓▓.........▓▓..
..................▓.....b.....▓..
...............o@T..s...b........
..............gr..▓...........▓..
..................▓▓.........▓▓..
..............K.(.▓▓▓.......▓▓▓..
.............o....# ▓▓▓▓▓▓▓▓▓ #..
..........J......## ##.
...............### ##
..§.........####
...############## #


You could see Purgy, an orc warrior, an ooze, an orc wizard, a giant cockroach,
a hobgoblin, 2 bats, a kobold and a rat.

Vanquished Creatures
  A giant frog (Zot)
  2 worker ants (Zot)
  2 oozes (Zot)
  3 orcs (Zot)
  7 goblins (Zot)
  5 hobgoblins (Zot)
  7 kobolds (Zot)
  3 ball pythons (Zot)
  8 bats (Zot)
  A giant cockroach (Zot)
  A giant newt (Zot)
  A jackal (Zot)
  3 rats (Zot)
44 creatures vanquished.

Notes
Turn   | Place    | Note
--------------------------------------------------------------
     0 | Zot      | MadFisi, the Human Death Knight, began the quest for the Orb.
     0 | Zot      | Reached XP level 1. HP: 16/16 MP: 2/2
   231 | Zot      | Reached XP level 2. HP: 20/22 MP: 4/4
   276 | Zot      | Reached XP level 3. HP: 25/27 MP: 5/5
   343 | Zot      | Reached skill level 4 in Invocations
   343 | Zot      | Reached XP level 4. HP: 32/34 MP: 5/7
   413 | Zot      | Noticed Qyllink
   432 | Zot      | Reached XP level 5. HP: 26/39 MP: 9/9
   438 | Zot      | Acquired Yredelemnul's second power
   457 | Zot      | Killed Qyllink the giant frog
   457 | Zot      | Reached skill level 5 in Invocations
   457 | Zot      | Reached XP level 6. HP: 33/47 MP: 9/11
   600 | Zot      | Noticed an orc warrior
   649 | Zot      | Noticed Purgy
   734 | Zot      | Slain by an orc wizard

Action                   |  1- 3 |  4- 6 || total
-------------------------+-------+-------++-------
Melee: Short sword       |    77 |   183 ||   260
